 Dungeon Crawl Stone Soup version 0.18.1-6-gd335043 (webtiles) character file.

221 Implojin the Insei (level 5, -2/41 HPs)
             Began as a Mummy Monk on May 17, 2016.
             Slain by an adder (4 damage)
             ... on level 3 of the Dungeon.
             The game lasted 00:17:30 (6392 turns).

Implojin the Insei (Mummy Monk)                     Turns: 6392, Time: 00:17:31

Health: -2/41      AC:  0    Str: 15    XL:     5   Next: 65%
Magic:  5/5        EV: 13    Int:  9    God:
Gold:   196        SH:  0    Dex: 15    Spells: 0 memorised, 4 levels left

rFire  x . .     SeeInvis .       - Unarmed
rCold  + . .     Gourm    .     (no armour)
rNeg   + + +     Faith    .     (no shield)
rPois  ∞         Spirit   .     (no helmet)
rElec  .         Dismiss  .     (no cloak)
rCorr  .         Reflect  .     (no gloves)
SustAt .         Harm     .     (no boots)
MR     .....                    (no amulet)
Stlth  ++........               (no ring)
                                (no ring)

@: very slightly contaminated, not resistant to hostile enchantments, unstealthy
A: no food or potions, fire vulnerability, cold resistance 1, negative energy
resistance 3, torment resistance, unbreathing
a: no special abilities


You were on level 3 of the Dungeon.
You were not hungry.

You visited 1 branch of the dungeon, and saw 4 of its levels.

You collected 196 gold pieces.

Inventory:

Wands
 d - a wand of paralysis (14/24)
Scrolls
 a - a scroll of remove curse
 e - a scroll of magic mapping
 g - a scroll of random uselessness


   Skills:
 - Level 3.0 Fighting
 - Level 2.4 Dodging
 - Level 1.5 Stealth
 * Level 5.8 Unarmed Combat


You had 4 spell levels left.
You didn't know any spells.

Dungeon Overview and Level Annotations

Branches:
Dungeon (4/15)
 Temple: D:4-7

Altars:


Innate Abilities, Weirdness & Mutations

You do not eat or drink.
Your flesh is vulnerable to fire.
You are immune to poison.
Your flesh is cold resistant.
You are immune to negative energy.
You are immune to unholy pain and torment.
You can survive without breathing.


Message History

You feel forgetful for a moment.
Read which item? (? for menu, Esc to quit)
As you read the scroll labeled BUNUCKIGAL, it crumbles to dust.
It is a scroll of enchant weapon.
You aren't carrying any weapons that can be enchanted.
You hit the giant gecko.
You kill the giant gecko!
You hit the adder.
The adder is lightly wounded.
The adder closely misses you.
You miss the adder.
The adder is lightly wounded.
The adder barely misses you.
You hit the adder.
The adder is moderately wounded.
The adder bites you.
* * * LOW HITPOINT WARNING * * *
An adder comes into view.
You closely miss the adder.
The adder is moderately wounded.
The adder bites you.
* * * LOW HITPOINT WARNING * * *
The adder moves out of view.
Read which item? (? for menu, Esc to quit)
As you read the scroll labeled DITZUZ KUCLUC, it crumbles to dust.
It is a scroll of enchant armour.
You aren't carrying any armour which can be enchanted further.
The adder closely misses you.
Read which item? (? for menu, Esc to quit)
As you read the scroll labeled UHURUCO MANUXA, it crumbles to dust.
You hear a loud clanging noise!
It was a scroll of noise.
You hear a shout! x6
The adder bites you.
* * * LOW HITPOINT WARNING * * *
The adder barely misses you.
You closely miss the adder.
The adder is lightly wounded.
The adder bites you.
You die...

#.....#≈≈≈.≈≈≈#
#.....####'####
#.....####'#######
...........S.....#
#.........(....#.#
((.............#.#
########.......#.#
#.......#S#
#.......#@#
#..[....#.#
#.........#
#..(....###
#####.....#
#.##### ##.#####
#......# #......#


You could see an adder.

Vanquished Creatures
  2 orc wizards
  Terence (D:2)
  3 adders (D:2)
  An ooze (D:2)
  2 worms
  A dart slug (D:2)
  4 giant geckos
  9 orcs
  2 giant cockroaches
  10 goblins
  14 hobgoblins
  5 jackals
  2 quokkas
  7 bats
  5 giant newts
  9 kobolds
  13 rats
90 creatures vanquished.

Notes
Turn   | Place    | Note
--------------------------------------------------------------
     0 | D:1      | Implojin the Mummy Monk began the quest for the Orb.
     0 | D:1      | Reached XP level 1. HP: 18/18 MP: 1/1
   629 | D:1      | Reached XP level 2. HP: 19/24 MP: 2/2
  1302 | D:2      | Reached skill level 4 in Unarmed Combat
  1467 | D:2      | Reached XP level 3. HP: 14/29 MP: 3/3
  2386 | D:2      | Reached XP level 4. HP: 33/35 MP: 4/4
  2715 | D:3      | Noticed Terence
  3453 | D:2      | Killed Terence
  3661 | D:1      | Reached skill level 5 in Unarmed Combat
  5048 | D:3      | Reached XP level 5. HP: 36/41 MP: 5/5
  6391 | D:3      | HP: 2/41 [adder (2)]
  6392 | D:3      | Slain by an adder

Skill      XL: |  1  2  3  4 |
---------------+-------------+-----
Unarmed Combat | 4 5 |  5.8
Fighting       | |  3.0
Dodging        | |  2.4
Stealth        | |  1.5

Action                   |  1- 3 |  4- 6 || total
-------------------------+-------+-------++-------
Melee: Unarmed           |   135 |   281 ||   416
       Punch             |     3 |     7 ||    10
  Use: Scroll            |     2 |     8 ||    10
 Stab: Sleeping          |     3 |       ||     3
       Distracted        |     1 |     2 ||     3
Dodge: Dodged            |    79 |   176 ||   255

Table legend:
 A = Turns spent in this place as a percentage of turns spent in the entire game.
 B = Non-inter-level travel turns spent in this place as a percentage of non-inter-level travel turns spent in the entire game.
 C = Inter-level travel turns spent in this place as a percentage of turns spent in this place.
 D = Turns resting spent in this place as a percentage of non-inter-level travel turns spent in this place.
 E = Turns spent auto-exploring this place as a percentage of non-inter-level travel turns spent in this place.
 F = Non-inter-level travel turns spent in this place divided by the number of levels of this place that you've seen.
                   A       B       C       D       E      F
               +-------+-------+-------+-------+-------+----------------------
         Total | 100.0 | 100.0 |   0.2 |   3.9 |   2.4 | 550.8
       Dungeon | 100.0 | 100.0 |   0.2 |   3.9 |   2.4 | 550.8
               +-------+-------+-------+-------+-------+----------------------

Table legend:
 A = Kills in this place as a percentage of kills in entire the game.
 B = Kills by you in this place as a percentage of kills by you in the entire game.
 C = Kills by friends in this place as a percentage of kills by friends in the entire game.
 D = Other kills in this place as a percentage of other kills in the entire game.
 E = Experience gained in this place as a percentage of experience gained in the entire game.
 F = Experience gained in this place divided by the number of levels of this place that you have seen.
                   A       B       C       D       E      F
               +-------+-------+-------+-------+-------+----------------------
         Total | 100.0 | 100.0 |  -nan |  -nan | 100.0 |  79.2
       Dungeon | 100.0 | 100.0 |  -nan |  -nan | 100.0 |  79.2
               +-------+-------+-------+-------+-------+----------------------
